Map: 2000 Atmospheres LE

Players

Astrea - Winner!

  • Race: Protoss Protoss

MaSa

  • Race: Terran Terran

Event: DreamHack SC2 Masters 2021 Fall

VOD

Have the link to the VOD?

Description

Time

  • Played on: Aug. 14, 2021, 3:28 p.m.
  • Length: 10:11

All games in this series

Show
View Real Time Build Order
Export as new Build Order

Astrea Protoss - Winner!

Build Orders: 1 Gate Expand, Phoenix Opening, Blink Stalkers, Colossus Rush 

Get SALT Encoding   

  12  0:00  Probe  
  13  0:12  Probe  
  14  0:17  Pylon  
  14  0:24  Probe (Chrono Boost)  
  15  0:36  Probe (Chrono Boost)  
  15  0:37  Gateway  
  16  0:43  Probe (Chrono Boost)  
  16  0:46  Assimilator  
  17  0:51  Probe  
  18  1:03  Probe  
  19  1:15  Probe  
  20  1:23  Nexus  
  20  1:32  Cybernetics Core  
  20  1:36  Probe  
  21  1:43  Assimilator  
  21  1:48  Probe  
  21  1:53  Pylon  
  22  2:00  Probe (Chrono Boost)  
  23  2:11  Adept, Warp Gate  
  23  2:12  Probe (Chrono Boost)  
  26  2:21  Probe (Chrono Boost)  
  27  2:25  Twilight Council  
  27  2:28  Probe (Chrono Boost)  
  28  2:35  Probe (Chrono Boost)  
  29  2:41  Stalker  
  33  2:44  Probe x2 (Chrono Boost)  
  33  2:49  Probe (Chrono Boost)  
  33  2:51  Probe  
  34  2:58  Blink (Chrono Boost), Gateway  
  35  3:01  Probe  
  35  3:03  Probe  
  37  3:13  Probe  
  37  3:15  Probe  
  39  3:24  Sentry  
  39  3:25  Probe  
  42  3:27  Probe  
  42  3:31  Pylon  
  43  3:38  Probe  
  43  3:41  Nexus  
  44  3:44  Probe  
  44  3:48  Robotics Facility  
  45  3:50  Probe  
  46  3:56  Probe  
  46  3:59  Stalker x2, Phoenix  
  46  4:02  Probe  
  50  4:03  Pylon  
  50  4:08  Assimilator  
  50  4:10  Assimilator, Probe  
  50  4:14  Probe  
  52  4:22  Pylon, Stalker, Probe  
  55  4:26  Stalker  
  55  4:27  Probe  
  58  4:34  Probe  
  58  4:36  Observer  
  60  4:39  Probe  
  61  4:46  Probe  
  61  4:49  Stalker x2  
  61  4:51  Probe  
  67  4:53  Robotics Bay  
  67  4:54  Pylon  
  67  4:55  Probe  
  67  4:58  Probe  
  69  5:03  Probe (Chrono Boost)  
  69  5:04  Observer  
  71  5:07  Probe (Chrono Boost)  
  74  5:15  Probe (Chrono Boost)  
  74  5:16  Sentry, Probe (Chrono Boost)  
  74  5:18  Forge, Pylon  
  74  5:19  Probe (Chrono Boost)  
  77  5:21  Probe (Chrono Boost)  
  77  5:23  Probe (Chrono Boost)  
  77  5:24  Probe (Chrono Boost)  
  80  5:29  Probe  
  80  5:34  Probe  
  80  5:35  Probe  
  83  5:38  Gateway  
  83  5:40  Gateway  
  83  5:41  Probe  
  84  5:46  Probe  
  84  5:47  Probe  
  84  5:48  Colossus (Chrono Boost)  
  85  5:53  Probe  
  85  5:54  Protoss Ground Weapons Level 1 (Chrono Boost), Sentry, Stalker  
  85  5:57  Assimilator x2  
  96  5:58  Probe  
  96  5:59  Probe  
  96  6:02  Pylon, Shield Battery  
  98  6:05  Pylon  
  98  6:07  Phoenix  
  98  6:08  Observer  
  98  6:12  Extended Thermal Lance  
  98  6:17  Gateway x2  
  98  6:19  Pylon  
  98  6:23  Charge  
  98  6:24  Gateway  
  98  6:26  Gateway  
  98  6:33  Colossus (Chrono Boost)  
  98  6:39  Pylon, Stalker x2, Zealot  
  110  6:41  Pylon  
  110  6:42  Stalker  
  112  7:03  Pylon  
  112  7:04  Stalker x3  
  112  7:05  Stalker  
  120  7:15  Zealot x2, Warp Prism (Chrono Boost)  
  120  7:18  Pylon  
  120  7:19  Pylon x2  
  125  7:24  Zealot x2  
  125  7:27  Zealot x3  
  125  7:28  Zealot  
  121  7:45  Stalker x4  
  121  7:46  Colossus (Chrono Boost)  
  121  7:50  Pylon  
  135  7:53  Templar Archives  
  135  7:59  Stalker x3  
  135  8:04  Pylon  
  141  8:14  Zealot x4  
  135  8:23  Stalker x3  
  125  8:32  Stalker  
  112  8:49  Stalker x3  
  112  8:52  Pylon  
  112  8:55  Pylon  
  110  9:09  Probe x3  
  113  9:13  Pylon  
  113  9:14  Stalker x4  
  117  9:44  Pylon  
  117  9:56  Pylon  
Show
View Real Time Build Order
Export as new Build Order

MaSa Terran 

Build Orders:  

Get SALT Encoding   

  12  0:01  SCV  
  13  0:13  SCV  
  14  0:17  Supply Depot  
  14  0:25  SCV  
  15  0:38  SCV  
  15  0:39  Barracks  
  16  0:44  Refinery  
  16  0:50  SCV  
  17  1:03  SCV  
  18  1:15  SCV  
  19  1:26  Marine  
  19  1:27  Orbital Command  
  20  1:44  Command Center  
  20  1:48  Barracks Reactor  
  20  1:52  SCV  
  21  2:01  Supply Depot  
  21  2:05  SCV  
  22  2:17  Bunker, SCV  
  23  2:24  Marine x2  
  23  2:29  SCV  
  26  2:39  Command Center  
  26  2:42  SCV  
  27  2:50  Barracks  
  27  2:51  Marine  
  27  2:54  Marine  
  27  2:56  SCV  
  30  3:05  Orbital Command  
  30  3:09  SCV  
  31  3:21  SCV  
  31  3:22  Marine  
  31  3:23  Marine  
  33  3:28  Barracks  
  33  3:33  SCV x2  
  35  3:38  Barracks Tech Lab  
  35  3:43  Marine x2  
  35  3:45  SCV x2  
  39  3:50  Factory  
  39  3:57  SCV x2  
  39  3:58  Marauder  
  39  4:00  Orbital Command  
  42  4:04  Stimpack  
  42  4:09  Marine, SCV x2  
  45  4:11  Refinery  
  45  4:14  Marine  
  46  4:18  Barracks Tech Lab  
  46  4:21  SCV x2, Marauder  
  50  4:27  Engineering Bay  
  50  4:28  SCV  
  50  4:29  Marine  
  52  4:33  Refinery, Marine, SCV x2  
  55  4:39  Starport  
  55  4:40  SCV  
  55  4:41  Factory Reactor  
  55  4:45  SCV  
  57  4:46  SCV  
  57  4:47  Marine, Marauder  
  57  4:50  Supply Depot  
  61  4:54  Supply Depot  
  61  5:04  Refinery  
  61  5:07  Combat Shield  
  61  5:12  Marine x2, SCV, Marauder x2, Supply Depot x2  
  61  5:13  SCV  
  69  5:15  SCV  
  69  5:19  Barracks  
  70  5:23  Barracks  
  70  5:25  SCV  
  70  5:27  Medivac  
  73  5:32  Medivac  
  73  5:34  SCV  
  73  5:35  Supply Depot  
  77  5:37  SCV  
  77  5:41  Marine  
  77  5:42  Marauder  
  80  5:47  SCV  
  79  5:50  Marine  
  79  5:51  Factory Reactor, Marauder  
  79  5:52  SCV  
  83  5:57  Medivac  
  83  5:59  Supply Depot, SCV  
  83  6:00  Supply Depot, Terran Infantry Weapons Level 1  
  83  6:03  Orbital Command  
  86  6:04  SCV  
  86  6:09  Marine, Medivac  
  86  6:10  Marine  
  91  6:11  SCV  
  91  6:16  SCV, Marauder x2  
  91  6:18  Barracks Reactor  
  96  6:23  SCV  
  96  6:25  Barracks Tech Lab  
  97  6:26  Refinery  
  97  6:28  SCV  
  97  6:29  Supply Depot  
  98  6:33  Marine  
  98  6:35  Widow Mine  
  98  6:37  Widow Mine  
  98  6:38  Marauder x2  
  98  6:39  Supply Depot  
  107  6:43  SCV  
  107  6:45  SCV  
  109  6:47  SCV  
  109  6:49  Supply Depot, Marauder  
  112  6:56  Marine, Medivac x2  
  112  6:58  Marine  
  112  6:59  SCV, Marauder x2  
  112  7:00  SCV  
  124  7:02  Marine, SCV  
  124  7:03  Marine  
  127  7:12  Marauder  
  127  7:14  Marine, SCV  
  131  7:16  Marine, Supply Depot  
  131  7:20  Marine, Supply Depot  
  133  7:23  Marine  
  133  7:24  Marine, Marauder  
  133  7:25  Widow Mine x2  
  141  7:34  Marine, SCV  
  141  7:35  Marine  
  141  7:36  SCV  
  140  7:38  Marauder x2  
  140  7:39  Supply Depot, Concussive Shells  
  140  7:41  Supply Depot  
  140  7:42  Marine  
  140  7:43  Marine  
  134  7:45  Marauder  
  134  7:46  Widow Mine  
  137  7:52  Marine, Viking x2  
  137  7:54  Starport  
  137  7:55  SCV x2  
  137  7:56  Terran Infantry Armor Level 1  
  137  7:57  Marine  
  140  7:59  Marauder  
  140  8:00  Marauder  
  140  8:02  Missile Turret  
  144  8:11  Widow Mine x2  
  143  8:18  Marine  
  143  8:19  Marine x2, Marauder  
  140  8:20  SCV x2, Marauder  
  140  8:22  Viking x2  
  140  8:26  Marauder  
  130  8:28  Marine  
  110  8:36  Marine x2  
  110  8:40  Marauder  
  94  8:42  Marauder  
  94  8:44  Marine  
  94  8:46  Marine  
  94  8:47  Marauder  
  94  8:52  Viking  
  94  8:53  SCV  
  87  9:02  Marauder  
  81  9:03  Marauder  
  81  9:04  Marine x2  
  81  9:08  Marauder  
  88  9:10  SCV  
  88  9:14  SCV  
  89  9:17  Marine  
  89  9:21  SCV  
  89  9:22  SCV  
  89  9:23  Marauder  
  92  9:24  Marauder  
  92  9:29  Marine, Medivac x2  
  92  9:30  Marine x2, Marauder  
  91  9:31  SCV  

Tags
 
Add a new tag
Caveats
  • Supply blocks, unpowered buildings, or Contaminate may cause inaccurate times.
  • Supply counts are checked every 10 seconds.